 Dungeon Crawl Stone Soup version 0.30-a0-142-g7370640ec8 (webtiles) character file.

Game seed: 12267608902674890131

76 qw the Chopper (level 4, -5/28 HPs)
             Began as a Gargoyle Fighter on Sept 26, 2022.
             Killed from afar by Sigmund (8 damage)
             ... with a magic dart
             ... on level 3 of the Dungeon.
             The game lasted 00:00:40 (2213 turns).

qw the Chopper (Gargoyle Fighter)                   Turns: 2213, Time: 00:00:41

Health: -5/28      AC: 11    Str: 21    XL:     4   Next: 32%
Magic:  4/4        EV:  9    Int:  9    God:
Gold:   124        SH:  9    Dex:  9    Spells: 3/3 levels left

rFire   . . .      SeeInvis .    Y - +0 war axe
rCold   . . .      Faith    .    c - +0 buckler
rNeg    + . .      Spirit   .    b - +0 scale mail
rPois   inf        Reflect  +    n - +0 helmet
rElec   +          Harm     .    (no cloak)
rCorr   +          Rampage  .    (no gloves)
Will    +....                    (no boots)
Stlth   ..........               l - amulet of reflection
HPRegen 0.09/turn                g - ring of resist corrosion
MPRegen 0.09/turn                k - ring of willpower

@: no status effects
A: sickness immunity, AC +3, negative energy resistance 1, electricity
resistance, torment resistance 1, petrification resistance
a: no special abilities


You were on level 3 of the Dungeon.
You visited 1 branch of the dungeon, and saw 3 of its levels.

You collected 124 gold pieces.


Innate Abilities, Weirdness & Mutations

You are immune to sickness and miasma.
Your stone body is resilient. (AC +3)
You are immune to poison.
You resist negative energy. (rN+)
You are resistant to electric shocks. (rElec)
You are resistant to unholy torment.
You are immune to petrification.


   Skills:
 - Level 3.2 Fighting
 + Level 3.7 Axes
 - Level 1.1 Throwing
 - Level 3.2 Armour
 - Level 3.2 Shields


You had 3 spell levels left.
You didn't know any spells.
Your spell library was empty.

Inventory:

Hand Weapons
 f - a +0 whip
 Y - a +0 war axe (weapon)
Armour
 b - a +0 scale mail (worn)
 c - a +0 buckler (worn)
 n - a +0 helmet (worn)
Jewellery
 g - a ring of resist corrosion (left hand)
 k - a ring of willpower (right hand)
 l - an amulet of reflection (around neck)
Scrolls
 a - a scroll of torment {unknown}
 h - a scroll of identify
 m - a scroll of fog {unknown}
 p - a scroll of poison {unknown}
 q - a scroll of teleportation {unknown}
Potions
 d - a potion of might
 e - 4 potions of curing
 i - a potion of attraction {unknown}
 o - a potion of cancellation

Dungeon Overview and Level Annotations

Branches:
Dungeon (3/15)

Altars:
Ashenzari
Fedhas
Trog
The Shining One

Shops:
D:1 (

Annotations:
D:3 Sigmund


Message History

You throw a javelin. The javelin pierces through the kobold.
The kobold is moderately wounded.
Sigmund the Dreaded comes into view.
He is wielding a +0 scythe.
2202 ||| Stepping ~*~*~tactically~*~*~ (hiding).
You barely miss the kobold. The kobold completely misses you.
The kobold barely misses you.
You closely miss the kobold. The kobold hits you with a +0 club.
You closely miss the kobold. The kobold completely misses you.
Sigmund hits you from afar with a +0 scythe.
The kobold completely misses you.
You slash the kobold!
You kill the kobold!
Found a stone staircase leading down.
Sigmund casts a spell at you. The puff of flame misses you.
Things that are here:
a +0 club; a kobold corpse You closely miss Sigmund.
You block Sigmund's attack.
You slash Sigmund!
Sigmund is heavily wounded.
Sigmund gestures at you while chanting. The puff of flame hits you!
Sigmund hits you with a +0 scythe.
You closely miss Sigmund.
Sigmund is heavily wounded.
Sigmund says, "Don't worry, I'll kill you fast."
Sigmund hits you with a +0 scythe!
You completely miss Sigmund.
Sigmund is heavily wounded.
You closely miss Sigmund.
Sigmund is heavily wounded.
Sigmund gestures at you while chanting. The puff of flame hits you.
You block Sigmund's attack.
You slash Sigmund!
Sigmund is almost dead.
Sigmund points at you and mumbles some strange words.
The magic dart hits you!
You die...

....### #.#...#.....
...
#.#...###.#...#.....
#.###.....#(..#.....
#
....................
.. #.#######....##..
..#
.......##.##..###
...#
.......##.###...#
..?(# #########>#
###.##.....# #.#
#.@@.....# ## #.#
####.....# .# #.#
....# .# #.# .... .#
#.# ... .# #.# .> ##
#.# # #.# #.#


You could see Sigmund.

Vanquished Creatures
  2 adders
  A worm (D:3)
  3 dart slugs
  3 ball pythons
  6 bats
  4 endoplasms
  A giant cockroach (D:1)
  2 goblins (D:2)
  6 hobgoblins
  4 jackals (D:1)
  2 quokkas (D:2)
  7 kobolds
  5 rats
46 creatures vanquished.

Notes
Turn   | Place    | Note
-------+----------+-------------------------------------------
     0 | D:1      | qw the Gargoyle Fighter began the quest for the Orb.
     0 | D:1      | Reached XP level 1. HP: 14/14 MP: 1/1
     0 | D:1      | 0 ||| qw: Version: 0.2-a-10-g399e6c4
     0 | D:1      | 0 ||| qw: Game counter: 452
     0 | D:1      | 0 ||| qw: Always use a shield: true
     0 | D:1      | 0 ||| qw: God list: Okawaru
     0 | D:1      | 0 ||| qw: Allow faded altars: false
     0 | D:1      | 0 ||| qw: Do Orc after D:15 true
     0 | D:1      | 0 ||| qw: Do second Lair branch before Depths: true
     0 | D:1      | 0 ||| qw: Lair rune preference: random
     0 | D:1      | 0 ||| qw: Plans: Normal, Zot:1-4, God:TSO, Crypt, Tomb,
                  | Pan, Slime:5, Hells, Abyss, Orb
     0 | D:1      | 0 ||| PLANNING D:1-11
   304 | D:1      | Reached XP level 2. HP: 19/19 MP: 2/2
   319 | D:1      | 319 ||| Stepping ~*~*~tactically~*~*~ (stealth).
   320 | D:1      | 320 ||| Stepping ~*~*~tactically~*~*~ (stealth).
   381 | D:1      | Found a faded altar of an unknown god.
   604 | D:1      | 604 ||| Stepping ~*~*~tactically~*~*~ (stealth).
   609 | D:1      | Reached skill level 3 in Axes
   657 | D:1      | Reached XP level 3. HP: 23/23 MP: 3/3
   668 | D:1      | Found Akkuis's Weapon Shop.
   676 | D:1      | 676 ||| SHOPLISTING +5 mace of holy wrath (453 gold, have
                  | 43).
   782 | D:1      | 782 ||| UPGRADING to ring of resist corrosion.
   783 | D:1      | 783 ||| READING scroll labelled RAG TEHUFYG.
   784 | D:1      | 784 ||| DRINKING 5 orange potions.
  1386 | D:2      | Reached skill level 1 in Throwing
  1758 | D:2      | Reached XP level 4. HP: 28/28 MP: 4/4
  1853 | D:2      | 1853 ||| UPGRADING to +0 helmet.
  1858 | D:2      | 1858 ||| UPGRADING to amulet of reflection.
  1863 | D:2      | 1863 ||| UPGRADING to ring of willpower.
  1864 | D:2      | 1864 ||| READING scroll labelled NAKHLY WOXOU.
  1865 | D:2      | 1865 ||| READING scroll labelled YNYIPA BIBAHI.
  1866 | D:2      | 1866 ||| READING scroll labelled RIETAJ EMAUF.
  1867 | D:2      | 1867 ||| DRINKING 2 silvery potions.
  1917 | D:3      | 1917 ||| Stepping ~*~*~tactically~*~*~ (hiding).
  1920 | D:3      | 1920 ||| Stepping ~*~*~tactically~*~*~ (hiding).
  2067 | D:3      | Found a blossoming altar of Fedhas.
  2067 | D:3      | Found a bloodstained altar of Trog.
  2067 | D:3      | Found a broken altar of Ashenzari.
  2069 | D:3      | Found a glowing golden altar of the Shining One.
  2201 | D:3      | Noticed Sigmund
  2202 | D:3      | 2202 ||| Stepping ~*~*~tactically~*~*~ (hiding).
  2210 | D:3      | HP: 6/28 [Sigmund/+0 scythe (8)]
  2213 | D:3      | Killed from afar by Sigmund

Levels and vault maps discovered:
D:1:      minmay_arrival_shattered_statue, layout_basic, serial_shops, shop,
          shapermc_ecumenical_altar_petra, serial_glass, glass_columns_a,
          glass_columns_a
D:2:      layout_basic
D:3:      layout_basic, chequers_temple_overflow_statue_of_worship,
          uniq_sigmund, uniq_ijyb

Skill      XL: |  1  2  3 |
---------------+----------+-----
Axes           | 2 3 |  3.7
Throwing       | 1 |  1.1
Fighting       | |  3.2
Armour         | |  3.2
Shields        | |  3.2

Action                   |  1- 3 |  4- 6 || total
-------------------------+-------+-------++-------
Melee: War axe           |    92 |    18 ||   110
Throw: Javelin           |    13 |     7 ||    20
  Use: Scroll            |     1 |     3 ||     4
       Potion            |     1 |     1 ||     2
Armor: Scale mail        |    49 |     1 ||    50
Dodge: Dodged            |    45 |    10 ||    55
Block: Buckler           |    21 |     9 ||    30

Table legend:
 A = Non-vault XP
 B = Vault XP
 C = Vault XP percentage of total XP
 D = Non-vault monster count
 E = Vault monster count
 F = Vault count percentage of total count
                 A         B        C        D         E       F
            +---------+---------+-------+---------+---------+-------
      Total |     109 |       0 |   0.0 |      46 |       0 |   0.0
            +---------+---------+-------+---------+---------+-------
        D:1 |      36 |       0 |   0.0 |      22 |       0 |   0.0
        D:2 |      46 |       0 |   0.0 |      17 |       0 |   0.0
        D:3 |      27 |       0 |   0.0 |       7 |       0 |   0.0
            +---------+---------+-------+---------+---------+-------
